Map: Nightscape LE

Players

JaRema

  • Race: Terran Terran
  • League: Diamond
  • Spawn Location: 7:00

siner

  • Race: Protoss Protoss
  • League: Platinum
  • Spawn Location: 7:00

Massa - Winner!

  • Race: Terran Terran
  • League: Gold
  • Spawn Location: 1:00

qqq - Winner!

  • Race: Protoss Protoss
  • League: Platinum
  • Spawn Location: 1:00

VOD

Have the link to the VOD?

Description

Time

  • Played on: Aug. 26, 2020, 12:30 p.m.
  • Length: 16:54
Show
View Real Time Build Order
Export as new Build Order

JaRema Terran 

Build Orders:  

Get SALT Encoding   

  12  0:00  SCV  
  13  0:12  SCV  
  14  0:17  Supply Depot  
  14  0:25  SCV  
  15  0:39  SCV  
  15  0:40  Barracks  
  16  0:46  Refinery  
  16  0:51  SCV  
  17  1:04  SCV  
  18  1:15  Barracks  
  18  1:28  Marine  
  19  1:35  Orbital Command  
  19  1:45  Marine  
  20  1:48  Supply Depot  
  19  2:02  Marine  
  19  2:03  Marine  
  19  2:07  Bunker  
  20  2:36  Marine  
  21  2:40  Factory  
  21  2:54  Marine  
  22  3:04  SCV  
  23  3:07  Command Center  
  23  3:34  Marine  
  23  3:35  SCV  
  23  3:44  Factory Tech Lab  
  23  3:54  Supply Depot  
  23  3:56  Barracks Reactor, Supply Depot  
  23  4:07  Engineering Bay  
  23  4:15  SCV  
  24  4:27  SCV  
  24  4:29  Refinery  
  25  4:35  Missile Turret  
  25  4:37  Orbital Command  
  25  4:41  SCV  
  26  4:48  Marine x2  
  26  4:51  Siege Tank  
  31  4:56  Missile Turret  
  31  5:01  SCV  
  31  5:02  Starport  
  31  5:03  Barracks  
  31  5:04  SCV  
  31  5:05  Barracks  
  33  5:08  Marine x2  
  33  5:14  SCV  
  36  5:16  SCV  
  37  5:26  SCV, Siege Tank  
  42  5:28  SCV  
  42  5:33  Supply Depot  
  42  5:38  SCV, Marine  
  44  5:44  Missile Turret  
  44  5:49  Missile Turret  
  44  5:51  Barracks Tech Lab  
  44  5:52  Barracks Reactor  
  44  5:54  Starport Reactor  
  44  5:56  SCV, Supply Depot  
  45  6:01  SCV  
  46  6:06  Cyclone  
  46  6:09  SCV  
  50  6:13  SCV  
  51  6:18  Supply Depot  
  51  6:21  SCV  
  51  6:22  Stimpack  
  51  6:23  Marine  
  53  6:26  SCV  
  54  6:34  SCV  
  54  6:35  Marine x2  
  54  6:38  SCV, Medivac  
  60  6:46  SCV  
  61  6:48  Supply Depot  
  61  6:50  SCV  
  61  6:51  Supply Depot  
  61  6:52  Marine  
  61  6:53  Marine  
  64  6:57  Medivac  
  64  7:00  SCV  
  67  7:04  Refinery  
  67  7:05  Refinery  
  67  7:06  Marine  
  69  7:08  SCV  
  69  7:12  SCV, Terran Infantry Weapons Level 1  
  70  7:25  Marauder, Marine x4  
  70  7:26  Siege Tank  
  79  7:31  SCV x2  
  81  7:43  SCV  
  82  7:47  Missile Turret  
  82  7:48  Missile Turret  
  82  7:49  Missile Turret x2  
  82  7:51  SCV, Marine  
  83  7:52  Missile Turret  
  83  7:55  SCV  
  85  8:12  Marauder, Marine x4  
  89  8:13  Siege Tank  
  94  8:20  Medivac  
  94  8:22  Medivac  
  88  8:30  Marine x2, Missile Turret  
  90  8:43  Marauder, Marine x2  
  94  8:50  Marine x2  
  91  9:01  Marine x2, Medivac x2, Siege Tank  
  84  9:05  Marauder  
  84  9:08  Marine x2  
  86  9:10  SCV  
  86  9:12  Factory  
  87  9:26  Marauder, Marine x2  
  87  9:27  Marine x2  
  87  9:29  SCV  
  94  9:34  Command Center  
  94  9:53  Supply Depot x2  
  94  9:54  Supply Depot  
  94  9:58  Marine  
  94  10:13  Factory Tech Lab  
  94  10:14  SCV x2, Marine x3, Cyclone  
  94  10:15  Marauder, Medivac  
  94  10:16  Supply Depot  
  94  10:19  Supply Depot  
  94  10:21  Marine, Supply Depot  
  106  10:26  SCV x2  
  108  10:32  Marine  
  109  10:36  Marauder  
  109  10:38  SCV  
  109  10:39  SCV, Marine x3  
  104  10:50  Marine  
  104  10:51  SCV  
  104  10:56  Marine  
  104  10:57  Marine x2  
  104  10:58  Marauder  
  103  11:07  Marine  
  104  11:14  Marine x2  
  102  11:19  Marauder, Siege Tank  
  102  11:20  Siege Tank  
  103  11:39  Marine  
  101  11:40  Marine x3  
  101  11:41  Marauder, Medivac  
  101  11:42  Medivac  
  110  11:57  Marine x3  
  113  12:02  Marauder  
  113  12:05  Marine  
  116  12:11  Medivac  
  116  12:15  Marine x3  
  118  12:23  Marauder, Marine  
  110  12:31  Viking  
  110  12:33  Marine  
  112  12:37  Cyclone x2  
  112  12:41  Viking  
  120  12:45  Marauder  
  120  12:47  Terran Infantry Armor Level 1  
  120  12:50  Engineering Bay  
  122  12:52  Armory  
  122  12:58  Starport  
  122  12:59  Barracks  
  122  13:02  Marine x2  
  122  13:03  Marine x2  
  122  13:05  SCV x2  
  128  13:06  Marauder  
  130  13:14  Cyclone x2  
  135  13:20  SCV x2, Marine x2  
  139  13:27  Marauder  
  139  13:28  Viking x2  
  139  13:32  SCV  
  146  13:45  Planetary Fortress  
  146  13:46  Cyclone x2  
  146  13:48  SCV x2  
  154  13:49  Marauder  
  154  13:54  Refinery  
  153  13:55  Refinery  
  153  13:58  Viking  
  132  14:10  Marauder  
  132  14:17  Starport Reactor  
  130  14:18  Cyclone  
  130  14:19  Barracks Reactor  
  130  14:22  Cyclone  
  135  14:31  Viking x2  
  139  14:32  SCV  
  139  14:33  SCV  
  133  14:50  Cyclone  
  123  15:05  Marauder, Marine x2  
  123  15:06  Marine x4  
  111  15:23  Marine x4  
  111  15:24  Marine x2  
  111  15:27  Marauder  
  109  15:31  SCV x2  
  109  15:33  Cyclone  
  109  15:34  Cyclone  
  101  15:41  Marine x5, Viking  
  101  15:42  Viking  
  94  15:47  SCV x2  
  94  15:48  Marauder  
  81  16:06  Cyclone x2  
  81  16:08  Liberator, Viking  
  81  16:10  Marauder, Marine  
  81  16:11  Marine x5  
  85  16:28  Marine  
  85  16:31  Marauder  
Show
View Real Time Build Order
Export as new Build Order

siner Protoss 

Build Orders:  

Get SALT Encoding   

  12  0:01  Probe  
  13  0:13  Probe  
  14  0:18  Pylon  
  14  0:25  Probe (Chrono Boost)  
  15  0:37  Probe (Chrono Boost)  
  15  0:38  Gateway  
  16  0:45  Probe (Chrono Boost)  
  16  0:47  Assimilator  
  17  0:53  Assimilator  
  17  0:59  Probe  
  18  1:19  Probe  
  19  1:27  Cybernetics Core  
  19  1:35  Probe  
  20  2:01  Pylon  
  20  2:11  Pylon  
  20  2:22  Forge  
  20  2:23  Pylon  
  20  2:28  Stalker (Chrono Boost)  
  22  2:41  Gateway  
  22  2:46  Probe (Chrono Boost)  
  23  2:53  Warp Gate  
  23  3:00  Photon Cannon  
  23  3:11  Probe  
  24  3:26  Stargate  
  24  3:34  Probe  
  25  3:46  Probe  
  26  4:07  Oracle (Chrono Boost)  
  26  4:14  Nexus  
  29  4:18  Photon Cannon  
  29  4:34  Probe  
  29  4:37  Robotics Facility  
  30  4:51  Probe, Pylon  
  31  5:04  Stalker  
  31  5:05  Stalker  
  35  5:10  Probe  
  36  5:29  Probe x2  
  38  5:43  Probe, Protoss Ground Weapons Level 1 (Chrono Boost)  
  38  5:44  Probe  
  38  5:45  Stalker x2  
  41  5:51  Pylon  
  41  5:57  Twilight Council  
  41  6:00  Gateway  
  41  6:03  Probe, Shield Battery  
  42  6:06  Probe  
  43  6:21  Photon Cannon  
  43  6:24  Photon Cannon  
  43  6:28  Stalker  
  43  6:31  Probe x2  
  47  6:33  Blink (Chrono Boost)  
  47  6:46  Probe x2  
  49  6:53  Assimilator  
  49  6:56  Stalker x2  
  49  7:00  Stalker  
  55  7:12  Probe  
  55  7:13  Probe  
  57  7:20  Stalker x2  
  61  7:24  Stalker  
  61  7:26  Assimilator  
  63  7:32  Pylon  
  63  7:35  Pylon  
  63  7:38  Protoss Ground Weapons Level 2 (Chrono Boost)  
  63  7:40  Pylon  
  63  7:58  Probe  
  63  7:59  Probe  
  65  8:08  Gateway  
  65  8:12  Stalker x2  
  67  8:13  Stalker  
  67  8:17  Warp Prism  
  73  8:36  Gateway  
  53  9:09  Stalker x4  
  54  9:25  Phoenix  
  56  9:41  Immortal (Chrono Boost)  
  56  9:42  Nexus  
  56  9:44  Pylon  
  60  9:46  Pylon  
  60  9:47  Sentry x3  
  60  9:48  Stalker  
  60  9:49  Stalker  
  70  10:12  Shield Battery  
  70  10:14  Photon Cannon, Stalker x5  
  72  10:15  Protoss Ground Weapons Level 3 (Chrono Boost)  
  72  10:17  Phoenix  
  72  10:18  Pylon  
  60  10:55  Stalker x4  
  60  10:56  Stalker  
  62  10:58  Phoenix  
  62  11:20  Nexus  
  62  11:23  Phoenix  
  64  11:30  Probe x2  
  66  11:32  Templar Archives  
  66  11:56  Stalker x3  
  66  11:57  Stalker x2  
  66  12:01  Protoss Air Weapons Level 1 (Chrono Boost)  
  64  12:12  Psionic Storm  
  52  12:37  Probe x3  
  53  12:49  Fleet Beacon  
  53  12:52  Probe x3  
  53  12:55  High Templar x4  
  53  12:56  High Templar, Assimilator  
  66  13:05  Archon  
  66  13:26  Protoss Shields Level 1 (Chrono Boost)  
  66  13:32  Probe x3  
  69  13:39  Stalker x2  
  69  13:40  Stalker x3  
  73  14:26  Probe x3  
  73  14:27  Stalker  
  73  14:28  Stalker x4  
  73  14:31  Assimilator  
  76  14:52  Stalker x5  
  48  15:17  Adept  
  48  15:18  Adept x4  
  45  15:30  Tempest (Chrono Boost)  
  46  15:48  Stalker x5  
  36  16:07  Nexus  
  36  16:10  Pylon  
  35  16:12  Pylon  
  35  16:13  Stalker x4  
  14  16:41  Gateway  
  14  16:42  Gateway  
  14  16:45  Stargate  
Show
View Real Time Build Order
Export as new Build Order

Massa Terran - Winner!

Build Orders: Gas First Reaper Expand 

Get SALT Encoding   

  12  0:02  SCV  
  13  0:14  SCV  
  14  0:26  SCV  
  14  0:27  Supply Depot  
  15  0:34  Refinery  
  15  0:48  SCV  
  16  0:50  Barracks  
  16  1:00  SCV  
  17  1:12  SCV  
  17  1:16  Refinery  
  18  1:24  SCV  
  19  1:36  Reaper  
  20  1:47  Command Center  
  20  1:50  SCV  
  22  2:08  Marine  
  22  2:12  Orbital Command  
  22  2:30  Factory  
  22  2:41  Barracks  
  22  2:42  Supply Depot  
  22  2:44  SCV  
  23  2:59  SCV  
  24  3:28  SCV x2  
  26  3:36  Marine  
  26  3:40  SCV  
  29  3:42  Factory Tech Lab  
  29  3:43  Barracks Tech Lab  
  28  3:50  Orbital Command  
  28  3:52  SCV  
  28  3:53  Marine  
  31  4:03  Marauder  
  31  4:04  SCV, Siege Tank  
  35  4:13  Barracks  
  35  4:14  Barracks Reactor  
  35  4:16  SCV  
  36  4:20  SCV  
  39  4:24  Starport, Marauder  
  39  4:26  Stimpack  
  39  4:28  SCV  
  40  4:32  SCV  
  40  4:36  Siege Tank  
  44  4:40  SCV  
  44  4:44  SCV  
  46  4:49  Supply Depot  
  46  4:51  Supply Depot  
  46  4:55  Engineering Bay  
  46  4:58  Engineering Bay  
  46  5:00  Supply Depot  
  46  5:05  Barracks Reactor  
  46  5:11  SCV x2, Marauder  
  47  5:23  SCV x2  
  47  5:32  Marauder, Medivac  
  50  5:47  Missile Turret  
  50  5:48  Missile Turret  
  50  5:54  Marauder  
  50  5:56  Terran Infantry Armor Level 1  
  52  6:01  Refinery, Marine  
  52  6:02  Medivac  
  55  6:15  Widow Mine, Marauder  
  59  6:28  Marine x3  
  62  6:46  Supply Depot  
  62  6:47  Supply Depot  
  62  6:48  Supply Depot  
  62  6:51  Supply Depot  
  62  6:57  Missile Turret  
  62  7:01  Supply Depot  
  62  7:08  Widow Mine, Marauder, Marine x4  
  70  7:25  Marine x3  
  75  7:30  Marauder  
  75  7:35  Command Center  
  75  7:38  Factory  
  68  7:51  Marauder  
  68  8:02  Armory  
  68  8:03  Terran Infantry Weapons Level 1  
  68  8:09  Marine x4  
  68  8:11  Siege Tank  
  77  8:12  Marauder  
  77  8:27  Marine x4  
  74  8:30  SCV  
  74  8:31  SCV  
  74  8:34  Marauder  
  82  8:38  Factory Tech Lab  
  82  8:42  SCV  
  82  8:43  SCV  
  82  8:44  Siege Tank  
  82  8:55  SCV x2, Marauder  
  66  9:07  SCV x2  
  68  9:13  Medivac  
  70  9:43  Barracks Reactor, Barracks Tech Lab, Medivac  
  70  9:45  Marine x2  
  74  9:48  Siege Tank x2  
  80  10:02  Marine  
  80  10:03  Marine  
  82  10:12  SCV, Armory  
  82  10:13  SCV  
  84  10:20  Marine, Siege Tank  
  84  10:21  Marine  
  89  10:24  SCV  
  89  10:25  SCV  
  91  10:37  SCV x2  
  91  10:38  Marine x2  
  88  10:49  SCV x2  
  74  11:01  SCV x2  
  68  11:06  Marauder  
  68  11:07  Marine x4  
  74  11:25  Marine x4  
  75  11:27  Orbital Command  
  75  11:28  SCV, Marauder  
  75  11:29  SCV  
  82  11:40  SCV  
  82  11:41  SCV  
  82  11:42  Barracks, Marine  
  82  11:43  Barracks, Marine x3  
  88  11:49  Marauder  
  90  11:57  Command Center  
  90  12:00  Marine  
  90  12:01  Marine x3  
  85  12:10  Marauder  
  84  12:16  Concussive Shells  
  69  12:32  Barracks, Marauder  
  69  12:34  Barracks  
  69  12:36  Medivac  
  71  12:39  Marine x4  
  75  12:45  Barracks Tech Lab  
  75  12:46  Barracks Reactor  
  75  12:52  Thor x2  
  75  12:53  Marauder  
  75  12:56  Marine  
  75  12:57  Marine x2  
  92  13:01  SCV x3  
  95  13:06  Medivac  
  95  13:11  Terran Infantry Weapons Level 2  
  97  13:13  SCV x3  
  97  13:15  Marauder  
  97  13:17  Orbital Command  
  102  13:24  Barracks Tech Lab  
  102  13:25  Barracks Reactor, SCV x2  
  102  13:26  Marauder, Marine  
  105  13:27  Marine x5  
  110  13:35  Bunker, Thor  
  110  13:36  Marauder, Medivac  
  120  13:44  Bunker, Marine  
  120  13:45  Marine x5  
  120  13:48  Marauder  
  128  13:57  Marauder  
  128  14:02  Marine x2  
  131  14:07  Marine  
  132  14:19  Supply Depot  
  132  14:21  Supply Depot  
  132  14:24  Supply Depot  
  132  14:40  Marauder x2, Marine x4  
  132  14:42  Marine x4  
  132  14:43  Marauder  
  132  14:44  Supply Depot  
  146  14:46  Supply Depot  
  146  14:51  Supply Depot  
  145  14:58  Marine x4  
  135  15:00  Marine x4  
  135  15:02  Marauder x2  
  135  15:04  Marine  
  143  15:10  Supply Depot  
  143  15:11  Supply Depot  
  135  15:15  Marine x4, Supply Depot  
  135  15:18  Marine x4  
  126  15:22  Marauder  
  126  15:23  Marine x2  
  116  15:33  Marine x4, Thor x2  
  118  15:36  Marine x4  
  118  15:37  Refinery  
  118  15:40  Refinery  
  118  15:41  Refinery, Marauder x2  
  126  15:43  Refinery, Marauder  
  128  15:51  Marine x3  
  131  16:02  Marauder x2  
  131  16:04  Refinery  
  135  16:05  Marauder  
  135  16:10  Command Center  
  143  16:24  Marauder x2  
  147  16:40  Command Center  
  147  16:44  Supply Depot  
Show
View Real Time Build Order
Export as new Build Order

qqq Protoss - Winner!

Build Orders: Carriers 

Get SALT Encoding   

  12  0:02  Probe  
  13  0:14  Pylon  
  13  0:19  Probe  
  14  0:31  Probe  
  15  0:38  Forge  
  15  0:43  Probe  
  16  0:53  Pylon  
  16  1:00  Pylon  
  16  1:10  Pylon  
  16  1:24  Photon Cannon  
  16  1:29  Photon Cannon  
  16  1:51  Pylon  
  15  2:12  Photon Cannon  
  15  2:20  Probe  
  16  2:32  Probe  
  16  2:35  Gateway  
  16  2:36  Assimilator  
  17  2:44  Probe  
  18  2:56  Probe  
  18  3:31  Nexus  
  18  3:32  Probe  
  18  3:33  Cybernetics Core  
  19  3:36  Pylon, Assimilator  
  19  3:38  Pylon  
  19  3:44  Probe  
  20  3:56  Probe  
  20  3:59  Photon Cannon  
  20  4:01  Photon Cannon  
  21  4:07  Photon Cannon  
  21  4:08  Probe  
  22  4:20  Probe  
  23  4:24  Stargate  
  23  4:32  Probe  
  24  4:45  Probe  
  25  4:53  Probe  
  25  4:57  Probe  
  27  5:05  Probe  
  28  5:07  Stargate  
  28  5:09  Probe  
  28  5:11  Phoenix (Chrono Boost)  
  31  5:17  Probe  
  31  5:21  Probe  
  33  5:29  Probe  
  33  5:30  Phoenix (Chrono Boost)  
  33  5:33  Probe  
  37  5:41  Probe  
  35  5:45  Probe  
  36  5:51  Phoenix  
  36  5:53  Probe  
  39  5:57  Probe  
  39  6:01  Assimilator  
  40  6:05  Probe, Assimilator  
  40  6:09  Probe  
  40  6:10  Phoenix  
  44  6:17  Probe  
  45  6:27  Phoenix  
  45  6:29  Probe (Chrono Boost)  
  48  6:42  Probe (Chrono Boost)  
  49  6:48  Probe (Chrono Boost)  
  49  6:50  Nexus  
  49  6:52  Protoss Air Weapons Level 1 (Chrono Boost)  
  49  6:53  Pylon  
  50  6:55  Probe, Pylon  
  50  6:56  Probe  
  50  6:58  Pylon  
  52  7:03  Phoenix  
  54  7:11  Probe, Phoenix, Pylon  
  57  7:15  Pylon  
  57  7:23  Probe  
  57  7:27  Robotics Facility  
  57  7:28  Phoenix  
  60  7:35  Photon Cannon  
  60  7:36  Phoenix  
  62  7:44  Photon Cannon  
  62  7:50  Photon Cannon  
  62  7:53  Phoenix  
  64  8:00  Phoenix  
  66  8:18  Phoenix  
  68  8:30  Phoenix  
  67  8:38  Fleet Beacon  
  67  8:43  Phoenix  
  59  9:10  Phoenix  
  59  9:11  Phoenix  
  61  9:29  Observer  
  62  9:32  Anion Pulse-Crystals  
  62  9:35  Phoenix  
  62  9:37  Phoenix  
  66  9:40  Probe  
  66  9:44  Nexus  
  67  9:46  Pylon  
  67  9:50  Observer, Pylon  
  67  9:52  Pylon  
  68  9:53  Probe (Chrono Boost), Pylon  
  69  10:01  Carrier  
  69  10:04  Probe (Chrono Boost)  
  76  10:09  Probe (Chrono Boost)  
  76  10:12  Observer, Phoenix  
  80  10:19  Probe, Photon Cannon  
  80  10:21  Photon Cannon  
  81  10:23  Photon Cannon  
  80  10:31  Probe  
  81  10:39  Carrier  
  67  11:08  Carrier  
  69  11:22  Probe x2  
  71  11:34  Probe  
  72  11:42  Shield Battery  
  72  11:43  Phoenix  
  72  11:44  Photon Cannon  
  72  11:46  Probe (Chrono Boost)  
  75  11:47  Photon Cannon  
  75  11:50  Photon Cannon  
  75  11:54  Photon Cannon  
  75  11:57  Probe (Chrono Boost), Photon Cannon  
  75  11:59  Assimilator  
  76  12:02  Probe (Chrono Boost)  
  76  12:03  Assimilator  
  83  12:08  Carrier  
  83  12:12  Probe  
  83  12:13  Protoss Air Weapons Level 2  
  84  12:25  Probe  
  85  12:38  Carrier  
  91  12:52  Probe (Chrono Boost)  
  91  12:57  Pylon  
  92  12:59  Photon Cannon, Shield Battery  
  92  13:04  Probe (Chrono Boost)  
  93  13:10  Probe (Chrono Boost)  
  100  13:13  Carrier  
  100  13:18  Probe  
  101  13:30  Probe  
  102  13:42  Probe, Carrier  
  109  14:05  Probe  
  95  14:45  Nexus  
  95  14:55  Pylon, Nexus  
  95  14:59  Pylon  
  91  15:02  Pylon  
  91  15:12  Pylon  
  91  15:15  Pylon  
  91  15:30  Tempest  
  91  15:31  Carrier  
  100  16:17  Probe  
  107  16:20  Probe  
  102  16:29  Probe  
  95  16:33  Probe  
  102  16:41  Probe  
Tags
 
Add a new tag
Caveats
  • Supply blocks, unpowered buildings, or Contaminate may cause inaccurate times.
  • Supply counts are checked every 10 seconds.